Map: White Rabbit LE

Players

Kelazhur

  • Race: Terran Terran
  • League: Master
  • Spawn Location: 1:00

Zoun - Winner!

  • Race: Protoss Protoss
  • League: Master
  • Spawn Location: 7:00

VOD

Have the link to the VOD?

Description

Time

  • Played on: Jan. 30, 2026, 7:17 a.m.
  • Length: 6:56
Show
View Real Time Build Order
Export as new Build Order

Kelazhur Terran 

Build Orders:  

Get SALT Encoding   

  12  0:00  SCV  
  13  0:12  SCV  
  14  0:17  Supply Depot  
  14  0:24  SCV  
  15  0:38  SCV  
  15  0:40  Barracks  
  16  0:43  Refinery  
  16  0:50  SCV  
  16  0:52  Refinery  
  17  1:03  SCV  
  18  1:15  SCV  
  19  1:27  Orbital Command, Reaper  
  20  1:43  Factory  
  20  1:45  Supply Depot  
  20  1:53  SCV  
  21  1:59  Barracks Reactor  
  21  2:05  SCV  
  22  2:16  Command Center  
  22  2:18  SCV  
  23  2:26  Hellion  
  25  2:33  SCV, Supply Depot  
  25  2:36  Reaper  
  27  2:37  Reaper  
  28  2:49  Hellion, SCV  
  31  3:01  Starport, SCV  
  32  3:15  SCV  
  32  3:17  Marine x2, Hyperflight Rotors, Factory Tech Lab  
  35  3:22  Supply Depot  
  36  3:27  SCV  
  36  3:39  SCV  
  37  3:49  Marine x2  
  37  3:51  SCV  
  37  3:54  Barracks  
  40  3:56  Barracks  
  40  3:58  Banshee  
  40  4:01  Factory Tech Lab  
  43  4:03  SCV  
  42  4:11  SCV  
  42  4:12  Marine x2  
  42  4:20  SCV  
  42  4:21  Bunker  
  41  4:26  Orbital Command  
  41  4:32  SCV  
  41  4:34  Siege Tank  
  41  4:36  Marine  
  46  4:39  Marine  
  46  4:43  Banshee  
  50  4:46  SCV  
  50  4:52  Marine x2  
  51  4:54  SCV  
  51  4:58  Marine x2, SCV  
  57  5:04  Supply Depot  
  57  5:06  SCV  
  58  5:07  Supply Depot  
  58  5:10  SCV  
  59  5:17  Marine x2  
  59  5:18  SCV  
  62  5:23  Factory Reactor  
  62  5:26  Engineering Bay, Refinery, SCV  
  63  5:31  SCV, Supply Depot  
  63  5:33  Marine  
  58  5:35  Marine x2  
  58  5:37  Banshee  
  58  5:38  SCV  
  60  5:45  SCV  
  52  5:50  SCV  
  52  5:51  Marine  
  52  5:53  Marine x2  
  51  5:57  SCV  
  51  6:02  SCV  
  49  6:09  SCV  
  50  6:13  Marine x2  
  50  6:14  SCV, Marauder  
  55  6:21  SCV  
  49  6:26  SCV  
  43  6:33  SCV  
  43  6:34  Marine x2  
  43  6:38  SCV  
Show
View Real Time Build Order
Export as new Build Order

Zoun Protoss - Winner!

Build Orders: 1 Gate Expand, Blink Stalkers 

Get SALT Encoding   

  12  0:00  Probe  
  13  0:12  Probe  
  14  0:17  Pylon  
  14  0:23  Probe  
  15  0:31  Probe  
  15  0:37  Gateway  
  15  0:40  Probe  
  16  0:46  Assimilator  
  17  0:50  Probe  
  18  1:03  Probe  
  19  1:15  Probe  
  20  1:24  Cybernetics Core  
  20  1:34  Nexus  
  20  1:41  Pylon  
  20  1:43  Probe  
  21  1:48  Stalker, Assimilator  
  21  1:55  Probe  
  24  2:08  Shield Battery, Adept  
  24  2:09  Warp Gate  
  24  2:12  Probe  
  27  2:24  Probe  
  28  2:33  Twilight Council  
  28  2:36  Probe  
  29  2:40  Adept  
  31  2:45  Probe  
  31  2:51  Probe  
  33  2:58  Probe  
  34  3:01  Gateway  
  34  3:03  Blink  
  34  3:06  Probe  
  34  3:12  Probe  
  36  3:17  Shield Battery  
  36  3:19  Probe  
  35  3:25  Gateway  
  37  3:29  Probe  
  36  3:34  Probe  
  36  3:39  Robotics Facility  
  37  3:47  Probe  
  38  3:50  Probe  
  38  3:55  Pylon  
  39  3:58  Stalker x2  
  39  3:59  Probe  
  45  4:02  Probe  
  44  4:11  Probe  
  44  4:14  Probe  
  44  4:15  Warp Prism  
  45  4:23  Probe  
  46  4:24  Stalker  
  46  4:28  Probe  
  51  4:32  Pylon  
  51  4:36  Probe  
  51  4:37  Assimilator  
  52  4:38  Stalker  
  54  4:46  Pylon  
  54  4:50  Probe, Stalker  
  54  4:51  Observer, Stalker  
  60  4:58  Probe  
  61  5:02  Probe  
  62  5:08  Stalker  
  62  5:10  Observer, Probe  
  62  5:13  Stalker  
  68  5:17  Stalker  
  68  5:18  Pylon  
  70  5:36  Nexus  
  70  5:41  Zealot x3  
  74  5:47  Probe  
  74  5:48  Probe  
  68  5:57  Pylon  
  68  5:59  Probe  
  68  6:00  Probe  
  68  6:03  Forge  
  67  6:07  Stalker x3  
  73  6:11  Probe  
  73  6:12  Probe  
  75  6:23  Probe  
  75  6:25  Probe  
  73  6:35  Probe  
  73  6:37  Probe, Stalker x3  
  73  6:44  Stalker x3  
Tags
 
Add a new tag
Caveats
  • Supply blocks, unpowered buildings, or Contaminate may cause inaccurate times.
  • Supply counts are checked every 10 seconds.